 Dungeon Crawl Stone Soup version 0.16-a0-2652-gd333f3b (webtiles) character file.

1528 RobertPalmer the Covert (level 8, -5/50 HPs)
             Began as an Octopode Gladiator on Nov 23, 2014.
             Was an Initiate of Kikubaaqudgha.
             Splashed by a jelly's acid (13 damage)
             ... on level 7 of the Dungeon.
             The game lasted 00:14:46 (7413 turns).

RobertPalmer the Covert (Octopode Gladiator)        Turns: 7413, Time: 00:14:46

Health: -5/50      AC: -14   Str: 14    XL:     8   Next: 85%
Magic:  8/8        EV: 14    Int: 13    God:    Kikubaaqudgha [......]
Gold:   303        SH:  0    Dex: 12    Spells: 0 memorised, 7 levels left

rFire  + . .     SeeInvis .     a - +0 trident
rCold  . . .     Clarity  .     (no shield)
rNeg   + . .     SustAb   .     c - +0 hat
rPois  .         Gourm    .     n - amulet of warding
rElec  .         Spirit   .     q - ring of protection from fire
rCorr  .         Warding  +     (no ring)
rMut   .         Stasis   .     (no ring)
MR     .....                    (no ring)
Stlth  ++++++....               (no ring)
                                (no ring)
                                (no ring)
                                (no ring)

@: corroded equipment, not resistant to hostile enchantments, very stealthy
A: almost no armour, amphibious, 8 rings, constrict 8, camouflage 1, gelatinous
body 1
a: Renounce Religion


You were on level 7 of the Dungeon.
You worshipped Kikubaaqudgha.
Kikubaaqudgha was noncommittal.
You were very hungry.

You visited 2 branches of the dungeon, and saw 8 of its levels.

You collected 303 gold pieces.


Innate Abilities, Weirdness & Mutations

You cannot wear most types of armour.
You are amphibious.
You can wear up to eight rings at the same time.
You can use your tentacles to constrict many enemies at once.
Your skin changes colour to match your surroundings (Stealth).
Your rubbery body absorbs attacks (AC +1).


   Skills:
 - Level 2.0 Fighting
 - Level 8.0 Polearms
 - Level 2.0 Throwing
 - Level 4.6 Dodging
 - Level 9.5 Stealth
 + Level 1.0 Necromancy


You had 7 spell levels left.
You didn't know any spells.

Inventory:

Hand weapons
 a - a +0 trident (weapon)
 b - a +0 blowgun
Missiles
 o - 30 poisoned needles
 y - a tomahawk of dispersal (quivered)
Armour
 c - a +0 hat (worn)
 d - a cursed +0 shield
 C - a +0 pair of boots
Jewellery
 n - an amulet of warding (around mantle)
 q - a ring of protection from fire (left tentacle)
Magical devices
 w - a wand of paralysis (0)
 G - a wand of confusion (9)
 I - a wand of digging (9)
Scrolls
 g - 3 scrolls of identify
 k - 4 scrolls of remove curse
 l - a scroll of amnesia {unknown}
 m - 2 scrolls of fear {unknown}
 r - a scroll of enchant weapon {unknown}
 s - a scroll of magic mapping {unknown}
 v - a scroll of acquirement {unknown}
 z - a scroll of fog {unknown}
 B - 3 scrolls of recharging {unknown}
 E - 2 scrolls of teleportation
Potions
 e - 2 potions of magic {unknown}
 h - a potion of lignification {unknown}
 j - a potion of haste {unknown}
 p - a potion of poison {unknown}
 u - a potion of brilliance {unknown}
 x - a potion of heal wounds {unknown}
 A - a potion of confusion {unknown}
 D - a potion of invisibility {unknown}
Books
 F - a book of the Dragon
 H - a book of the Tempests
Comestibles
 f - 4 bread rations
 t - 3 meat rations

Dungeon Overview and Level Annotations

Branches:
Dungeon (7/15)             Temple (1/1) D:6

Altars:
Cheibriados
Fedhas
Gozag
Kikubaaqudgha
Makhleb
Nemelex Xobeh
Okawaru
Qazlal
Sif Muna
Vehumet
Xom
Yredelemnul
The Shining One
Lugonu

Annotations:
D:4 Sigmund

#.......>....#
#.#
..#####..##.#
#.# ##.##.#
#.# #.##$# #.#
#.##.# #..
#?##.# #..
#....# #..
#.#### #@# #J#
#.# #.#
###########.#
#...........#
...#########.#
##...# #.#
....#
#######.###


You could see a jelly.


Message History

The jelly barely misses you.
You hit the jelly. You squeeze the jelly.
The jelly is moderately wounded.
The jelly barely misses you.
You hit the jelly.
The jelly is moderately wounded.
The jelly hits you.
You are splashed with acid!
The acid corrodes your equipment!
The acid burns!
* * * LOW HITPOINT WARNING * * *
You hit the jelly.
The jelly is moderately wounded.
Unknown command.
Read which item? (? for menu, Esc to quit)
Okay, then.
Drink which item? (? for menu, Esc to quit)
You feel better. The jelly hits you.
* * * LOW HITPOINT WARNING * * *
You are splashed with acid!
The acid burns!
* * * LOW HITPOINT WARNING * * *
Drink which item? (? for menu, Esc to quit)
You feel better. The jelly hits you.
* * * LOW HITPOINT WARNING * * *
You are splashed with acid!
The acid corrodes your equipment!
The acid burns!
* * * LOW HITPOINT WARNING * * *
Drink which item? (? for menu, Esc to quit)
You feel better. The jelly hits you.
* * * LOW HITPOINT WARNING * * *
You are splashed with acid!
The acid burns!
You die...
Kikubaaqudgha rasps: "You have failed me!
Welcome... death!"

Action                   |  1- 3 |  4- 6 |  7- 9 || total
-------------------------+-------+-------+-------++-------
Melee: Trident           |    69 |   167 |   185 ||   421
 Fire: Blowgun           |       |       |     2 ||     2
Throw: Throwing net      |       |     1 |     3 ||     4
       Tomahawk          |       |       |     3 ||     3
Evoke: Wand              |       |       |     7 ||     7
  Use: Scroll            |       |     5 |       ||     5
       Potion            |       |     1 |     3 ||     4
 Stab: Sleeping          |     5 |     8 |    11 ||    24
       Distracted        |       |     1 |     2 ||     3
       Held in net/web   |       |       |     2 ||     2
       Paralysed         |       |       |     3 ||     3
  Eat: Chunk             |       |     8 |    11 ||    19

Vault maps used:
D:1:      wheals_arrival_linesprint
D:2:      kennysheep_generic_room_9
D:3:      kennysheep_the_goblin_king
D:4:      lightli_temple_of_fire, lemuel_round_altar, old_standard_altar,
          uniq_sigmund
D:5:      first_bread, baited_tele_trap
D:6:      grunt_temple_overflow_forces_of_nature, cheibriados_altar_1,
          minmay_temple_entry_poolview
D:7:      lemuel_round_altar, serial_shops, shop
Temple:   corrupted_temple

Notes
Turn   | Place    | Note
--------------------------------------------------------------
     0 | D:1      | RobertPalmer, the Octopode Gladiator, began the quest for the Orb.
     0 | D:1      | Reached XP level 1. HP: 14/14 MP: 1/1
   161 | D:1      | Reached XP level 2. HP: 16/19 MP: 2/2
   609 | D:2      | Reached skill level 4 in Polearms
   622 | D:2      | Reached XP level 3. HP: 17/24 MP: 3/3
  1159 | D:3      | Reached XP level 4. HP: 15/29 MP: 4/4
  1380 | D:3      | Reached skill level 5 in Polearms
  1556 | D:3      | Noticed Ijyb
  1606 | D:3      | Killed Ijyb
  1606 | D:3      | Reached XP level 5. HP: 32/34 MP: 5/5
  1973 | D:4      | Found a burning altar of Makhleb.
  2059 | D:4      | Found a basalt altar of Yredelemnul.
  2170 | D:4      | Noticed Sigmund
  2185 | D:4      | Reached skill level 6 in Polearms
  2282 | D:4      | Found a deep blue altar of Sif Muna.
  2724 | D:5      | Entered Level 5 of the Dungeon
  2915 | D:5      | Reached XP level 6. HP: 39/39 MP: 6/6
  3217 | D:5      | Noticed an ogre
  3261 | D:5      | Reached skill level 7 in Polearms
  3567 | D:5      | Noticed a necrophage
  3572 | D:5      | Killed a necrophage
  3572 | D:5      | Reached XP level 7. HP: 27/45 MP: 7/7
  3823 | D:5      | Reached skill level 8 in Polearms
  3848 | D:5      | Reached skill level 1 in Stealth
  4144 | D:5      | Killed an ogre
  4144 | D:5      | Reached skill level 3 in Stealth
  4198 | D:5      | Reached skill level 4 in Stealth
  4631 | D:6      | Reached skill level 4 in Dodging
  4631 | D:6      | Reached XP level 8. HP: 21/50 MP: 8/8
  5115 | D:6      | Found a snail-covered altar of Cheibriados.
  5287 | D:6      | Reached skill level 5 in Stealth
  5629 | D:6      | Reached skill level 6 in Stealth
  5688 | D:6      | Reached skill level 7 in Stealth
  5804 | D:6      | Found a blossoming altar of Fedhas.
  5810 | D:6      | Found a stormy altar of Qazlal.
  6043 | D:6      | Found a staircase to the Ecumenical Temple.
  6053 | Temple   | Entered the Ecumenical Temple
  6104 | Temple   | Became a worshipper of Kikubaaqudgha
  6157 | D:7      | Reached skill level 8 in Stealth
  6745 | D:4      | Noticed utis' ghost (average KoFi)
  6763 | D:4      | Killed utis' ghost
  6763 | D:4      | Reached skill level 9 in Stealth
  7317 | D:7      | Reached skill level 1 in Necromancy
  7412 | D:7      | HP: 1/50 [acid (13)]
  7413 | D:7      | Splashed by a jelly's acid

Vanquished Creatures
  The ghost of utis the Cudgeler, an average KoFi (D:4)
  3 ogres
  A phantom (D:6)
  A sky beast (D:6)
  A necrophage (D:5)
  A giant frog (D:6)
  A scorpion (D:5)
  2 crimson imps (D:6)
  A hound (D:6)
  A quasit (D:7)
  2 giant frog skeletons
  A centaur skeleton (D:6)
  A jelly (D:6)
  2 orc priests (D:5)
  6 worker ants
  3 orc wizards
  Ijyb (D:3)
  A hound skeleton (D:6)
  4 gnolls (D:5)
  6 adders
  A shadow imp (D:6)
  4 giant geckos
  An ooze (D:2)
  18 orcs
  2 ball pythons (D:3)
  9 bats
  3 giant cockroaches
  13 hobgoblins
  4 jackals
  2 giant gecko zombies
  6 giant newts
  14 goblins
  9 kobolds
  A quokka zombie (D:6)
  6 rats
133 creatures vanquished.
